 Dungeon Crawl Stone Soup version 0.30-a0-359-gd0147acb1a (webtiles) character file.

Game seed: 17520221882703689454

568 stebot76 the Chopper (level 7, -1/60 HPs)
             Began as a Hill Orc Fighter on Nov 12, 2022.
             Was a Follower of Beogh.
             Slain by a lemure (7 damage)
             ... led by Pikel
             ... on level 3 of the Dungeon.
             The game lasted 00:06:09 (2925 turns).

stebot76 the Chopper (Hill Orc Fighter)             Turns: 2925, Time: 00:06:10

Health: -1/60      AC:  7    Str: 21    XL:     7   Next: 33%
Magic:  7/7        EV:  9    Int:  8    God:    Beogh [*.....]
Gold:   214        SH:  5    Dex: 10    Spells: 6/6 levels left

rFire   . . .      SeeInvis .    a - +0 war axe
rCold   . . .      Faith    .    c - +1 buckler
rNeg    . . .      Spirit   .    b - +0 scale mail
rPois   .          Reflect  .    (no helmet)
rElec   .          Harm     .    (no cloak)
rCorr   .          Rampage  .    (no gloves)
Will    .....                    (no boots)
Stlth   ..........               (no amulet)
HPRegen 0.30/turn                (no ring)
MPRegen 0.10/turn                (no ring)

@: no status effects
A: no striking features
a: Renounce Religion


You were on level 3 of the Dungeon.
You worshipped Beogh.
Beogh was aware of your devotion.
You visited 1 branch of the dungeon, and saw 4 of its levels.

You collected 214 gold pieces.

Inventory:

Hand Weapons
 a - a +0 war axe (weapon)
Armour
 b - a +0 scale mail (worn)
 c - a +1 buckler (worn)
Scrolls
 e - a scroll of noise
 g - a scroll of magic mapping
Potions
 d - a potion of ambrosia
 f - a potion of flight
 i - a potion of degeneration {unknown}
 j - 2 potions of lignification
 k - a potion of berserk rage {unknown}
 l - 2 potions of mutation {unknown}
 n - a potion of invisibility {unknown}


   Skills:
 + Level 4.9 Fighting
 + Level 7.1 Axes
 + Level 5.0 Armour
 + Level 1.1 Dodging
 + Level 4.6 Shields


You had 6 spell levels left.
You didn't know any spells.
Your spell library contained the following spells:

 Spells                   Type           Power      Damage    Failure   Level
 Sting                    Tmut/Pois      0%         1d3       82%         1
 Poisonous Vapours        Pois/Air       0%         N/A       91%         2
 Inner Flame              Hex/Fire       0%         N/A       99%         3
 Flame Wave               Conj/Fire      0%         2d4       100%        4
 Olgreb's Toxic Radiance  Pois           0%         N/A       100%        4
 Sticky Flame             Conj/Fire      0%         2d3       100%        4


Dungeon Overview and Level Annotations

Branches:
Dungeon (4/15)             Temple (0/1) D:4

Altars:
Trog

Annotations:
D:3 Pikel


Message History

Pikel closely misses you. The lemure hits you.
Pikel hits you with a +2 whip of electrocution.
You hit the lemure but do no damage. You hit Pikel but do no damage.
The lemure hits you. Pikel hits you but does no damage.
You barely miss the lemure. You hit Pikel but do no damage.
The lemure completely misses you. You block Pikel's attack.
You hit the lemure.
The lemure is moderately wounded.
You closely miss Pikel. You block the lemure's attack.
Pikel hits you with a +2 whip of electrocution.
You hit the lemure.
The lemure is moderately wounded.
You slash Pikel! The lemure barely misses you.
Pikel hits you but does no damage.
You miss the lemure.
The lemure is moderately wounded.
You closely miss Pikel.
Pikel hits you with a +2 whip of electrocution!
* * * LOW HITPOINT WARNING * * *
The lemure barely misses you. Pikel hits you but does no damage.
The lemure barely misses you.
You miss Pikel.
Pikel is moderately wounded.
You closely miss the lemure. The lemure hits you.
* * * LOW HITPOINT WARNING * * *
You block Pikel's attack.
You hit Pikel.
Pikel is heavily wounded.
You miss the lemure. The lemure barely misses you.
Pikel hits you with a +2 whip of electrocution.
* * * LOW HITPOINT WARNING * * *
You hit Pikel but do no damage.
Pikel is heavily wounded.
You slash the lemure! The lemure hits you but does no damage.
Pikel hits you with a +2 whip of electrocution.
* * * LOW HITPOINT WARNING * * *
You closely miss Pikel.
Pikel is heavily wounded.
You hit the lemure. The lemure hits you!
You die...

#....#.................#####.
###...#.#########..#####.##....
#....)..###### #..# #.##.#..
#.###.#......# #..# #.##...#
#...#...####.# #..# #.###.#.
#.#.#.### #.# #..#####.###...
#.#...######.# ##..........[...
#.##.........###...#####.###..#
#.##########55@K.........###..#
#.# #.###...######.....# #.#
#.# ##.#######.#...#
#.##########.# #.........#....
#............# ###########...#
############## #####


You could see Pikel and 2 lemures.

Vanquished Creatures
  Sigmund (D:2)
  2 lemures (D:3)
  A kobold brigand (D:4)
  A howler monkey (D:4)
  A hound (D:4)
  An orc priest (D:4)
  Crazy Yiuf (D:2)
  Terence (D:2)
  Natasha (thrice) (D:2)
  3 adders
  A worm (D:2)
  2 dart slugs
  9 orcs
  7 bats
  5 endoplasms
  5 giant cockroaches
  5 goblins
  7 hobgoblins
  4 kobolds
  4 ball pythons
  4 frilled lizards
  7 rats
75 creatures vanquished.

Vanquished Creatures (others)
  A goblin (D:3)
1 creature vanquished.

Grand Total: 76 creatures vanquished

Notes
Turn   | Place    | Note
-------+----------+-------------------------------------------
     0 | D:1      | stebot76 the Hill Orc Fighter began the quest for the Orb.
     0 | D:1      | Reached XP level 1. HP: 19/19 MP: 1/1
    94 | D:1      | Reached XP level 2. HP: 27/27 MP: 2/2
   171 | D:1      | Found a faded altar of an unknown god.
   203 | D:1      | Reached skill level 3 in Axes
   530 | D:2      | Noticed Terence
   530 | D:2      | Noticed Natasha
   534 | D:2      | Reached XP level 3. HP: 31/33 MP: 3/3
   537 | D:2      | Killed Natasha
   545 | D:2      | Killed Terence
   545 | D:2      | Noticed Natasha
   546 | D:2      | Reached XP level 4. HP: 20/40 MP: 4/4
   563 | D:2      | Killed Natasha
   564 | D:2      | Reached skill level 4 in Axes
   874 | D:2      | Reached XP level 5. HP: 46/46 MP: 5/5
   923 | D:2      | Noticed Natasha
   931 | D:2      | Killed Natasha
  1009 | D:2      | Noticed Sigmund
  1022 | D:2      | Killed Sigmund
  1023 | D:2      | Reached skill level 6 in Axes
  1023 | D:2      | Reached skill level 1 in Dodging
  1023 | D:2      | Reached XP level 6. HP: 25/53 MP: 6/6
  1201 | D:2      | Found a bloodstained altar of Trog.
  1205 | D:2      | Identified the +4 trident of Qaqoshyf {flame, Str+4}
  1405 | D:2      | Found a runed translucent door.
  1407 | D:2      | Noticed Crazy Yiuf
  1416 | D:2      | Killed Crazy Yiuf
  1595 | D:3      | Became a worshipper of Beogh the Brigand
  2356 | D:4      | Reached skill level 5 in Armour
  2356 | D:4      | Reached XP level 7. HP: 60/60 MP: 7/7
  2365 | D:4      | Found a staircase to the Ecumenical Temple.
  2650 | D:4      | Reached skill level 7 in Axes
  2680 | D:4      | Reached * piety under Beogh
  2690 | D:4      | Noticed Pikel
  2925 | D:3      | Slain by a lemure

Illustrated notes

Levels and vault maps discovered:
D:1:      wander_arrival_desolate, layout_rooms,
          hellmonk_ecumenical_altar_zigzags
D:2:      layout_loops_ring, basic_altar, uniq_crazy_yiuf_cottage, uniq_natasha,
          uniq_terence, uniq_sigmund
D:3:      layout_loops_ring, nicolae_concentric_dashed_squares_wild
D:4:      layout_basic, minmay_temple_entry_mist, minmay_misc_feat_rows,
          uniq_pikel

Skill      XL: |  1  2  3  4  5  6  7 |
---------------+----------------------+-----
Axes           | 3 4 6 7 |  7.1
Fighting       | 4 |  4.9
Armour         | 4 5 |  5.0
Dodging        | 1 |  1.1
Shields        | 4 |  4.6

Action                   |  1- 3 |  4- 6 |  7- 9 || total
-------------------------+-------+-------+-------++-------
Melee: War axe           |    51 |   111 |    72 ||   234
Invok: Convert to Beogh  |       |     1 |       ||     1
  Use: Scroll            |     5 |     4 |     2 ||    11
       Potion            |       |     4 |     2 ||     6
Armor: Scale mail        |    23 |    42 |    31 ||    96
       Skin              |       |     7 |       ||     7
Dodge: Dodged            |    19 |    40 |    42 ||   101
Block: Buckler           |    17 |    34 |    27 ||    78

Table legend: (Time is in decaauts)
 A = Elapsed time spent in this place.
 B = Non-inter-level travel time spent in this place.
 C = Inter-level travel time spent in this place.
 D = Time resting spent in this place.
 E = Time spent auto-exploring this place.
 F = Levels seen in this place.
 G = Mean time per level.
                   A        B        C        D        E       F      G
               +--------+--------+--------+--------+--------+-----+--------+
         Total |   3005 |   2922 |     83 |    271 |   2063 |   4 |  751.2 |
       Dungeon |   3005 |   2922 |     83 |    271 |   2063 |   4 |  751.2 |
               +--------+--------+--------+--------+--------+-----+--------+

Top non-repeatable levels by time:
     D:2: 1138 daAuts
     D:3: 950 daAuts
     D:1: 504 daAuts
     D:4: 411 daAuts
